 Dungeon Crawl Stone Soup version 0.22-a0-448-g1fb7470 (webtiles) character file.

124 iamserjio the Chopper (level 5, -1/28 HPs)
             Began as a Vine Stalker Chaos Knight on June 4, 2018.
             Splashed by Ijyb's acid (12 damage)
             ... on level 3 of the Dungeon.
             The game lasted 00:03:52 (1926 turns).

iamserjio the Chopper (Vine Stalker Chaos Knight)   Turns: 1926, Time: 00:03:53

Health: -1/28      AC:  5    Str: 16    XL:     5   Next: 8%
Magic:  0/6        EV: 11    Int: 12    God:    Xom [......]
Gold:   29         SH:  0    Dex: 13    Spells: 4/4 levels left

rFire    . . .     SeeInvis .   a - +0 hand axe (chaos)
rCold    . . .     Gourm    .   (no shield)
rNeg     . . .     Faith    .   b - +2 leather armour
rPois    .         Spirit   +   q - +0 helmet
rElec    .         Reflect  .   g - +0 cloak
rCorr    .         Harm     .   (no gloves)
MR       .....                  (no boots)
Stlth    +.........             (no amulet)
HPRegen  0.49/turn              (no ring)
MPRegen  0.10/turn              (no ring)

@: corroded
A: fangs 2, slimy green scales 1, regeneration 1, magic shield, antimagic bite,
no potion heal 3, rot immunity
a: Renounce Religion


You were on level 3 of the Dungeon.
You worshipped Xom.
You were a very special plaything of Xom.
You were not hungry.

You visited 1 branch of the dungeon, and saw 3 of its levels.

You collected 29 gold pieces.

Inventory:

Hand Weapons
 a - a +0 hand axe of chaos (weapon)
 e - a +0 hand axe
Missiles
 l - 6 javelins (quivered)
Armour
 b - a +2 leather armour (worn)
 g - a +0 cloak (worn)
 q - a +0 helmet (worn)
Scrolls
 d - 3 scrolls of identify {unknown}
 f - a scroll of fear {unknown}
 i - 3 scrolls of remove curse {unknown}
 j - 4 scrolls of teleportation {unknown}
 k - 2 scrolls of magic mapping {unknown}
 m - 2 scrolls of blinking {unknown}
 n - 3 scrolls of noise {unknown}
Potions
 h - a potion of berserk rage {unknown}
 o - a potion of brilliance {unknown}
Comestibles
 c - 2 rations
 p - 5 chunks of flesh


   Skills:
 + Level 3.4 Fighting
 * Level 4.0 Axes
 + Level 2.4 Armour
 - Level 1.0 Dodging


You had 4 spell levels left.
You didn't know any spells.
Your spell library was empty.

Dungeon Overview and Level Annotations

Branches:
Dungeon (3/15)

Altars:
Dithmenos
Nemelex Xobeh
Sif Muna
Uskayaw

Annotations:
D:3 Ijyb


Innate Abilities, Weirdness & Mutations

You have extremely sharp teeth.
Your natural rate of healing is unusually fast.
When hurt, damage is shared between your health and your magic reserves.
Your bite disrupts and absorbs the magic of your enemies.
Potions cannot restore your health.
You are immune to rotting.
You are partially covered in slimy green scales. (AC +2)


Message History

You hit the goblin. You burn the goblin. Your bite misses the goblin.
The goblin is heavily wounded.
The goblin misses you.
You slash the goblin! You burn the goblin.
You kill the goblin!
No target in view!
No target in view!
Things that are here:
a dagger; a goblin corpse Ijyb the Twisted Goblin comes into view.
Ijyb shouts!
A bat comes into view.
Ijyb zaps a wand.
The bolt of acid hits the bat.
The bat is splashed with acid.
The acid corrodes the bat!
The bat dies!
The bolt of acid hits you!
Ouch! That really hurt!
The acid corrodes you!
You are splashed with acid!
The acid burns!
You die...
Xom snickers!

## g. #########.#
##### #......@†.#
#...# #.##########.#
#.#.#####.#
#..<.....#
#.#.......#
#.#.######
#.#.#########.#.....#
#.#......###..#####.#
#.#)####...≈...# #.#
#.........≈≈≈≈)# #.#
.###.#####.≈≈≈..# #.#


You could see Ijyb.

Vanquished Creatures
  Robin (D:2)
  2 gnolls (D:2)
  A howler monkey skeleton (D:3)
  An ooze (D:1)
  5 dart slugs
  A leopard gecko (D:3)
  2 ball pythons
  A giant cockroach (D:2)
  10 goblins
  8 hobgoblins
  7 jackals
  6 kobolds
  2 quokkas (D:2)
  7 bats
  A frilled lizard (D:1)
  7 rats
62 creatures vanquished.

Vanquished Creatures (others)
  A bat (D:3)
1 creature vanquished.

Grand Total: 63 creatures vanquished

Notes
Turn   | Place    | Note
-------+----------+-------------------------------------------
     0 | D:1      | iamserjio the Vine Stalker Chaos Knight began the quest for the Orb.
     0 | D:1      | Reached XP level 1. HP: 11/11 MP: 2/2
   163 | D:1      | Reached skill level 1 in Dodging
   163 | D:1      | Reached XP level 2. HP: 13/16 MP: 3/3
   165 | D:1      | Reached skill level 3 in Axes
   525 | D:1      | Reached XP level 3. HP: 19/19 MP: 4/4
   530 | D:1      | XOM: cast spell 'Olgreb's Toxic Radiance'
   766 | D:1      | Found a sparkling altar of Nemelex Xobeh.
  1041 | D:2      | XOM: god gift: ration
  1152 | D:2      | XOM: stat loss: -1 Str (14/15)
  1267 | D:2      | Found a deep blue altar of Sif Muna.
  1270 | D:2      | Found a hide-covered altar of Uskayaw.
  1513 | D:2      | Noticed Robin
  1526 | D:2      | Killed Robin
  1526 | D:2      | Gained mutation: Your natural rate of healing is unusually fast. [Vine Stalker growth]
  1526 | D:2      | Reached XP level 4. HP: 19/24 MP: 3/5
  1538 | D:2      | XOM: give mutations
  1538 | D:2      | Gained mutation: You are clumsy. (Dex -2) [Xom's mischief]
  1538 | D:2      | Lost mutation: You are clumsy. (Dex -2) [Xom's mischief]
  1538 | D:2      | Gained mutation: You are partially covered in slimy green scales. (AC +2) [Xom's mischief]
  1652 | D:2      | XOM: 9-stop teleportation journey
  1725 | D:2      | Found a shadowy altar of Dithmenos.
  1869 | D:3      | Reached skill level 4 in Axes
  1869 | D:3      | Reached XP level 5. HP: 26/28 MP: 6/6
  1926 | D:3      | Noticed Ijyb
  1926 | D:3      | Splashed by Ijyb's acid

Vault maps used:
D:1:      nicolae_arrival_washed_ashore, minmay_misc_feat_roman,
          nemelex_diamond_rough_becter
D:2:      grunt_temple_overflow_open, grunt_dithmenos_smoke_and_mirrors,
          uniq_robin
D:3:      cheibrodos_thug_alley, gammafunk_temple_overflow_elements,
          first_ration, serial_undead, serial_undead_c, serial_undead_e,
          serial_undead_f, serial_undead_f, kennysheep_big_empty_room,
          serial_park_tiny_pond, uniq_ijyb

Skill      XL: |  1  2  3  4 |
---------------+-------------+-----
Dodging        | 1 |  1.0
Axes           | 3 4 |  4.0
Fighting       | 3 |  3.4
Armour         | 2 |  2.4

Action                   |  1- 3 |  4- 6 || total
-------------------------+-------+-------++-------
Melee: Hand axe          |   102 |    65 ||   167
       Bite              |    16 |    17 ||    33
 Stab: Paralysed         |     1 |       ||     1
       Sleeping          |     1 |       ||     1
       Petrifying        |     1 |       ||     1
  Eat: Chunk             |     2 |     1 ||     3
Armor: Leather armour    |    45 |    13 ||    58
Dodge: Dodged            |    60 |    40 ||   100

Table legend:
 A = Spawn XP
 B = Non-spawn XP
 C = Spawn XP percentage of total XP
 D = Spawn monster count
 E = Non-spawn monster count
 F = Spawn count percentage of total count
 G = Total turns spent on level
                    A         B        C        D         E        F      G
               +---------+---------+-------+---------+---------+-------+---------
         Total |       0 |     178 |   0.0 |       0 |      62 |   0.0 |  1926
               +---------+---------+-------+---------+---------+-------+---------
           D:1 |       0 |      52 |   0.0 |       0 |      23 |   0.0 |   821
           D:2 |       0 |     102 |   0.0 |       0 |      33 |   0.0 |  1002
           D:3 |       0 |      24 |   0.0 |       0 |       6 |   0.0 |   103
               +---------+---------+-------+---------+---------+-------+---------
